 Dungeon Crawl Stone Soup version 0.25-a0-403-g49d089a364 (webtiles) character file.

Game seed: 8301253087428711394, levelgen mode: deterministic

58439 ReteAZ the Bludgeoner (level 14, -14/96 HPs)
             Began as a Gargoyle Fighter on Jan 9, 2020.
             Was the Champion of the Shining One.
             Hit by a large rock thrown by a stone giant (42 damage)
             ... on level 2 of the Orcish Mines.
             The game lasted 00:37:57 (16639 turns).

ReteAZ the Bludgeoner (Gargoyle Fighter)           Turns: 16639, Time: 00:37:57

Health: -14/96     AC: 37    Str: 22    XL:     14   Next: 90%
Magic:  18/18      EV: 12    Int: 11    God:    the Shining One [******]
Gold:   2211       SH:  0    Dex: 15    Spells: 13/13 levels left

rFire    . . .     SeeInvis .   S - +5 dire flail (freeze)
rCold    . . .     Gourm    .   (shield currently unavailable)
rNeg     + + +     Faith    .   y - +0 plate armour
rPois    ∞         Spirit   .   U - +0 helmet
rElec    +         Reflect  .   s - +0 cloak
rCorr    .         Harm     .   (no gloves)
MR       ++...                  I - +2 pair of boots
Stlth    ..........             Z - amulet of regeneration
HPRegen  0.66/turn              Y - ring of protection from magic
MPRegen  0.16/turn              V - +4 ring of protection

@: agile, flying, glowing
A: big wings, talons 1, negative energy resistance 1, electricity resistance,
unbreathing, petrification resistance, rot immunity, AC +10
a: Stop Flying, Divine Shield, Cleansing Flame, Summon Divine Warrior, Brand
Weapon With Holy Wrath, Renounce Religion


You were on level 2 of the Orcish Mines.
You worshipped the Shining One.
The Shining One was exalted by your worship.
You were not hungry.

You visited 4 branches of the dungeon, and saw 19 of its levels.
You also visited: Ossuary and Gauntlet.

You collected 2211 gold pieces.

Inventory:

Hand Weapons
 S - a +5 dire flail of freezing (weapon)
 X - a +2 mace of holy wrath
Missiles
 w - 24 javelins
 K - 3 throwing nets (quivered)
Armour
 c - a +0 shield
 s - a +0 cloak (worn)
 y - a +0 plate armour (worn)
 I - a +2 pair of boots (worn)
 U - a +0 helmet (worn)
Jewellery
 b - an uncursed ring of ice
 o - an uncursed ring of see invisible
 q - an uncursed ring of protection from cold
 C - an uncursed ring of protection from fire
 V - a +4 ring of protection (right hand)
 Y - a ring of protection from magic (left hand)
 Z - an amulet of regeneration (around neck)
Wands
 m - a wand of polymorph (15)
 u - a wand of scattershot (5)
 z - a wand of digging (15)
 A - a wand of flame (66)
 N - a wand of acid (9)
 Q - a wand of paralysis (25)
Scrolls
 a - 3 scrolls of random uselessness {unknown}
 e - a scroll of identify
 g - 6 scrolls of fog {unknown}
 h - 5 scrolls of noise {unknown}
 k - 4 scrolls of magic mapping
 l - 4 scrolls of remove curse
 n - 11 scrolls of teleportation
 r - 4 scrolls of enchant armour {unknown}
 v - 5 scrolls of enchant weapon
 E - 2 scrolls of blinking {unknown}
 F - 8 scrolls of amnesia
 J - 2 scrolls of brand weapon
 M - 2 scrolls of fear
 R - 2 scrolls of torment {unknown}
Potions
 d - a potion of brilliance {unknown}
 i - 8 potions of curing
 j - 3 potions of agility
 p - 3 potions of haste
 t - 4 potions of resistance
 x - 4 potions of lignification
 B - 2 potions of mutation
 G - 6 potions of might
 H - 2 potions of magic
 L - 2 potions of heal wounds
 P - a potion of berserk rage
Comestibles
 f - 33 rations
 D - 2 chunks of flesh


   Skills:
 + Level 14.2 Fighting
 - Level 15.0 Maces & Flails
 + Level 14.2 Armour
 - Level 7.0 Shields
 * Level 4.0 Invocations
 - Level 6.0 Evocations


You had 13 spell levels left.
You didn't know any spells.
Your spell library contained the following spells:

 Spells                   Type           Power        Failure   Level  Hunger
 Foxfire                  Conj/Fire      #...         98%         1    ##.....
 Sandblast                Erth           #.....       98%         1    ##.....
 Sting                    Tmut/Pois      #...         98%         1    ##.....
 Passwall                 Tmut/Erth      #.......     99%         2    ###....
 Poisonous Vapours        Pois/Air       #.....       99%         2    ###....
 Conjure Flame            Conj/Fire      #.......     100%        3    ####...
 Ignite Poison            Fire/Tmut/Pois #.......     100%        3    ####...
 Inner Flame              Hex/Fire       #.......     100%        3    ####...
 Mephitic Cloud           Conj/Pois/Air  #.......     100%        3    ####...
 Stone Arrow              Conj/Erth      #.....       100%        3    ####...
 Olgreb's Toxic Radiance  Pois           #.......     100%        4    #####..
 Petrify                  Tmut/Erth      #.......     100%        4    #####..
 Sticky Flame             Conj/Fire      #.......     100%        4    #####..
 Fireball                 Conj/Fire      #.........   100%        5    ######.
 Lee's Rapid Deconstruct  Erth           #.........   100%        5    ######.


Dungeon Overview and Level Annotations

Branches:
Dungeon (10/15)            Temple (1/1) D:7            Lair (6/6) D:10
  Swamp (0/4) Lair:2       Spider (0/4) Lair:3        Slime (0/5) Lair:6
    Orc (2/2) D:9             Elf (0/3) Orc:2       Ossuary (visited)
Gauntlet (visited)

Altars:
Ashenzari
Cheibriados
Dithmenos
Elyvilon
Kikubaaqudgha
Makhleb
Nemelex Xobeh
Okawaru
Qazlal
Sif Muna
Trog
Uskayaw
Vehumet
Wu Jian
Xom
Yredelemnul
The Shining One

Shops:
D:4 [   D:5 *   Orc:2 %?:

Annotations:
D:4 2 transporters, TimeIsEndless's ghost, amateur GnFi
D:8 1 runed translucent door, zeli25's ghost, novice HOFi
Lair:3 exclusion: 2 oklob plants


Innate Abilities, Weirdness & Mutations

You are resistant to torment.
Your stone body is resilient. (AC +10)
You are immune to poison.
Your large and strong wings let you fly indefinitely.
You resist negative energy. (rN+)
You are resistant to electric shocks. (rElec)
You can survive without breathing.
You are immune to petrification.
You are immune to rotting.
You have sharp toenails.


Message History

You barely miss the gelid demonspawn.
The gelid demonspawn is heavily wounded.
The orc high priest closely misses you.
You puncture the gelid demonspawn!
The gelid demonspawn is severely wounded.
The gelid demonspawn barely misses you.
You impale the gelid demonspawn!!
You kill the gelid demonspawn!
The Shining One accepts your kill.
Your Invocations skill increases to level 4!
The orc high priest barely misses you.
The orc high priest prays to Beogh.
The orc high priest mumbles some strange prayers to Beogh.
A stone giant comes into view.
The stone giant shouts!
The stone giant throws a large rock.
The large rock hits you!!
* * * LOW HITPOINT WARNING * * *
You see here a large rock.
The stone giant throws a large rock.
The large rock hits you!!!
You die...

.[.............................#.
.[...............................
....................C............
.................................
.................................
.................................
.................................
..................#..............
................@###.............
...............(#####............
...............###.###...........
............33###...###..........
.............###.....###....#....
...........o###.#...#.###........
...........###....).[..###.......
.......3.4###...#.#.#o..###......
.........###...##)6.##.).###.....


You could see a stone giant, a soul eater, an orc high priest, a sixfirhy and a
chaos spawn.

Vanquished Creatures
  Nessos (Lair:6)
  A minotaur (Gauntlet)
  Josephine (Lair:6)
  A great orb of eyes (Gauntlet)
  Harold (D:7)
  3 catoblepae (Lair:6)
  5 hydras
  5 death yaks (Lair:6)
  7 orc high priests
  A soul eater (Orc:2)
  A sun demon (Orc:2)
  Urug (Lair:6)
  A gelid demonspawn (Orc:2)
  A torturous demonspawn (Orc:2)
  An infernal demonspawn (Orc:2)
  4 orc knights (Orc:2)
  An ugly thing (Gauntlet)
  2 manticores (Lair:6)
  5 orc sorcerers
  A cyclops (Orc:1)
  A black mamba (Lair:6)
  A rust devil (Orc:2)
  Psyche (D:8)
  A smoke demon (Orc:2)
  10 spiny frogs
  A torpor snail (Lair:5)
  A centaur skeleton (D:9)
  A minotaur zombie (Gauntlet)
  A gargoyle (D:10)
  3 rime drakes
  5 komodo dragons
  3 hornets
  A troll (Orc:2)
  4 polar bears (Lair:6)
  Prince Ribbit (D:6)
  2 jumping spiders (Lair:3)
  6 blink frogs
  2 bog bodies (Lair:2)
  6 hippogriffs
  5 redbacks (Lair:3)
  4 wyverns
  A centaur simulacrum (Gauntlet)
  49 yaks
  5 wraiths (Lair:6)
  2 neqoxecs
  3 basilisks
  2 chaos spawn (Gauntlet)
  3 hungry ghosts
  A warg (Orc:1)
  Edmund (D:4)
  A soldier ant (D:9)
  11 water moccasins
  Duvessa (D:6)
  10 porcupines
  3 sky beasts
  A black bear (Lair:2)
  28 orc warriors
  An ice beast (D:9)
  5 ogres
  5 centaurs
  10 wolves (Lair:3)
  10 crocodiles
  A big kobold (D:10)
  A gnoll sergeant (D:7)
  8 bullfrogs
  Dowan (D:6)
  A hornet simulacrum (Gauntlet)
  3 scorpions
  4 wights (D:8)
  2 howler monkeys (D:8)
  8 crimson imps
  2 quasits (D:9)
  3 jellies
  3 hounds
  23 orc priests
  A wyvern simulacrum (Gauntlet)
  5 orc wizards
  A gnoll shaman (D:5)
  3 iguanas
  7 worker ants
  A big kobold zombie (Ossuary)
  A bullfrog simulacrum (Gauntlet)
  Robin (D:3)
  8 mummies (Ossuary)
  6 adders
  10 gnolls
  2 shadow imps (D:5)
  An adder skeleton (D:4)
  A worm (D:5)
  3 dart slugs (D:1)
  5 leopard geckos
  50 orcs
  7 bats
  A giant cockroach (D:3)
  17 goblins
  7 hobgoblins
  14 jackals
  2 quokkas
  A ball python (D:5)
  2 frilled lizards
  3 hobgoblin zombies (Ossuary)
  14 kobolds
  A kobold zombie (Ossuary)
  A leopard gecko skeleton (D:8)
  2 leopard gecko zombies
  3 orc zombies (Ossuary)
  A quokka skeleton (D:7)
  A quokka zombie (D:5)
  7 rats
  A demonic plant (Gauntlet)
508 creatures vanquished.

Vanquished Creatures (others)
  An orc wizard (Orc:1)
  An orc (Orc:1)
  5 demonic plants (Gauntlet)
  5 fungi
  4 plants
16 creatures vanquished.

Grand Total: 524 creatures vanquished

Notes
Turn   | Place    | Note
-------+----------+-------------------------------------------
     0 | D:1      | ReteAZ the Gargoyle Fighter began the quest for the Orb.
     0 | D:1      | Reached XP level 1. HP: 14/14 MP: 1/1
   248 | D:1      | Reached XP level 2. HP: 18/19 MP: 2/2
   359 | D:1      | Reached skill level 3 in Maces & Flails
   791 | D:1      | Found a bloodstained altar of Trog.
   845 | D:2      | Reached XP level 3. HP: 20/23 MP: 3/3
  1456 | D:3      | Reached skill level 4 in Maces & Flails
  1549 | D:3      | Reached XP level 4. HP: 26/28 MP: 4/4
  1673 | D:3      | Noticed Robin
  1720 | D:3      | Killed Robin
  1720 | D:3      | Reached skill level 5 in Maces & Flails
  1720 | D:3      | Reached XP level 5. HP: 21/32 MP: 5/5
  2242 | D:3      | Found a snail-covered altar of Cheibriados.
  2619 | D:4      | Reached skill level 6 in Maces & Flails
  2619 | D:4      | Reached XP level 6. HP: 24/37 MP: 6/6
  2716 | D:4      | Noticed TimeIsEndless's ghost (amateur GnFi)
  2757 | D:4      | Found a transporter.
  2760 | D:4      | Noticed a small abomination
  2772 | D:4      | Found a transporter.
  2783 | D:4      | Noticed Edmund
  2795 | D:4      | Killed Edmund
  2891 | D:4      | Reached skill level 7 in Maces & Flails
  2997 | D:4      | Reached XP level 7. HP: 28/41 MP: 7/7
  3072 | D:4      | Found Duothrag's Armour Emporium.
  3151 | D:5      | Entered Level 5 of the Dungeon
  3151 | D:5      | Found Otingek's General Store.
  3183 | D:5      | Found a shimmering altar of Xom.
  3310 | D:5      | Reached skill level 8 in Maces & Flails
  3366 | D:5      | Found a shimmering altar of Xom.
  3780 | D:6      | Noticed Dowan
  3780 | D:6      | Noticed Duvessa
  3781 | D:6      | Reached skill level 9 in Maces & Flails
  3781 | D:6      | Reached XP level 8. HP: 46/46 MP: 8/8
  3805 | D:6      | Killed Duvessa
  3816 | D:6      | Killed Dowan
  4049 | D:6      | Reached skill level 10 in Maces & Flails
  4198 | D:6      | Noticed Prince Ribbit
  4233 | D:6      | Killed Prince Ribbit
  4492 | D:6      | Found a shadowy altar of Dithmenos.
  4627 | D:6      | Found a stormy altar of Qazlal.
  4627 | D:6      | Found a basalt altar of Yredelemnul.
  4667 | D:6      | Reached skill level 11 in Maces & Flails
  4840 | D:7      | Noticed Harold
  4865 | D:7      | Killed Harold
  4865 | D:7      | Reached skill level 12 in Maces & Flails
  4865 | D:7      | Reached XP level 9. HP: 35/51 MP: 9/9
  5479 | D:7      | Found a staircase to the Ecumenical Temple.
  5499 | Temple   | Entered the Ecumenical Temple
  5609 | Temple   | Became a worshipper of the Shining One
  5723 | D:8      | Found a sand-covered staircase.
  5768 | Ossuary  | Entered an ossuary
  5786 | Ossuary  | Reached * piety under the Shining One
  6188 | D:8      | Noticed zeli25's ghost (novice HOFi)
  6233 | D:8      | Reached skill level 13 in Maces & Flails
  6288 | D:8      | Found a sparkling altar of Nemelex Xobeh.
  6326 | D:8      | Reached ** piety under the Shining One
  6337 | D:8      | Reached XP level 10. HP: 52/56 MP: 10/10
  6494 | D:8      | Noticed Psyche
  6503 | D:8      | Killed Psyche
  6526 | D:8      | Found a shadowy altar of Dithmenos.
  6536 | D:8      | Reached skill level 14 in Maces & Flails
  6621 | D:8      | Found a runed translucent door.
  6644 | D:8      | Found a sparkling altar of Nemelex Xobeh.
  6772 | D:8      | Found a bloodstained altar of Trog.
  6772 | D:8      | Found an iron altar of Okawaru.
  6961 | D:9      | Found a shattered altar of Ashenzari.
  7008 | D:9      | Found a staircase to the Orcish Mines.
  7425 | D:9      | Reached skill level 15 in Maces & Flails
  7560 | D:10     | Entered Level 10 of the Dungeon
  7562 | D:10     | Noticed a gargoyle
  7566 | D:10     | Killed a gargoyle
  7624 | D:10     | Reached XP level 11. HP: 60/62 MP: 11/11
  7658 | D:10     | Found a staircase to the Lair.
  7667 | D:10     | Reached skill level 5 in Fighting
  7667 | D:10     | Reached skill level 5 in Armour
  7667 | D:10     | Reached skill level 5 in Shields
  7763 | D:10     | Reached *** piety under the Shining One
  8464 | Lair:1   | Entered Level 1 of the Lair of Beasts
  9011 | Lair:1   | Noticed an eight-headed hydra
  9018 | Lair:1   | Killed an eight-headed hydra
  9398 | Lair:2   | Found a staircase to the Swamp.
  9803 | Lair:2   | Reached XP level 12. HP: 65/73 MP: 12/12
 10101 | Lair:3   | Found a hole to the Spider Nest.
 10373 | Lair:3   | Noticed a seven-headed hydra
 10381 | Lair:3   | Killed a seven-headed hydra
 10684 | Lair:3   | Reached skill level 1 in Evocations
 11082 | Lair:4   | Noticed an eight-headed hydra
 11089 | Lair:4   | Killed an eight-headed hydra
 11183 | Lair:4   | Noticed a six-headed hydra
 11190 | Lair:4   | Killed a six-headed hydra
 11241 | Lair:4   | Reached skill level 10 in Fighting
 11360 | Lair:4   | Reached **** piety under the Shining One
 11365 | Lair:4   | Reached skill level 10 in Armour
 11891 | Lair:5   | Noticed a five-headed hydra
 11902 | Lair:5   | Killed a five-headed hydra
 11902 | Lair:5   | Reached XP level 13. HP: 62/83 MP: 16/16
 12408 | Lair:6   | Entered Level 6 of the Lair of Beasts
 12408 | Lair:6   | Found a staircase to the Slime Pits.
 12421 | Lair:6   | Reached skill level 5 in Evocations
 12823 | Lair:6   | Noticed Josephine
 12844 | Lair:6   | Killed Josephine
 13427 | Lair:6   | Noticed Urug
 13442 | Lair:6   | Killed Urug
 13490 | Lair:6   | Gained mutation: Your large and strong wings let you fly
                  | indefinitely. [Gargoyle growth]
 13490 | Lair:6   | Reached XP level 14. HP: 87/92 MP: 18/18
 13562 | Lair:6   | Noticed Nessos
 13562 | Lair:6   | Reached ***** piety under the Shining One
 13602 | Lair:6   | Killed Nessos
 14056 | Orc:1    | Entered Level 1 of the Orcish Mines
 14417 | Orc:2    | Entered Level 2 of the Orcish Mines
 14417 | Orc:2    | Found Suxoomn's Book Emporium.
 14559 | Orc:2    | Found a gate leading to a gauntlet.
 14560 | Orc:2    | Found a staircase to the Elven Halls.
 14568 | Gauntlet | Entered a Gauntlet
 14568 | Gauntlet | Found a transporter.
 14579 | Gauntlet | Found a transporter.
 14594 | Gauntlet | Found a transporter.
 14599 | Gauntlet | Found a transporter.
 14614 | Gauntlet | Found a transporter.
 14633 | Gauntlet | Found a transporter.
 14633 | Gauntlet | Noticed an entropy weaver
 14636 | Gauntlet | Found the +0 pair of fencer's gloves {Riposte Dex+3}
 14645 | Gauntlet | Found a transporter.
 14657 | Gauntlet | Found a transporter.
 14669 | Gauntlet | Found a transporter.
 14681 | Gauntlet | Found a transporter.
 14698 | Gauntlet | Found a transporter.
 14716 | Gauntlet | Found a transporter.
 14718 | Gauntlet | Found a transporter.
 14745 | Gauntlet | Found a transporter.
 14745 | Gauntlet | Found a transporter.
 14765 | Gauntlet | Found a transporter.
 14843 | Gauntlet | Found a transporter.
 14863 | Gauntlet | Found a transporter.
 15365 | Orc:2    | Gained mutation: You have sharp toenails. [a neqoxec]
 15616 | Orc:2    | Found Riuseic's Food Shoppe.
 15642 | Orc:2    | Found Zynkiy's Magic Scroll Emporium.
 15650 | Orc:2    | Reached ****** piety under the Shining One
 16255 | Orc:2    | Reached skill level 1 in Invocations
 16562 | Orc:2    | Paralysed by an orc sorcerer for 4 turns
 16638 | Orc:2    | Noticed a stone giant
 16639 | Orc:2    | Hit by a large rock thrown by a stone giant

Levels and vault maps discovered:
D:1:      dpeg_arrival_water_altar, layout_basic
D:2:      layout_basic
D:3:      layout_basic, cheibriados_altar_1, uniq_robin
D:4:      layout_loops_ring, gammafunk_ghost_abyssal_escape, first_ration,
          serial_shops, shop, uniq_edmund
D:5:      layout_cave_pools, overflow_temple_1_default, basic_altar,
          serial_shops, shop, serial_bayou_pond_e, corexii_shack
D:6:      layout_gridville, nicolae_dithmenos_shadow_blocks,
          grunt_temple_overflow_open, uniq_prince_ribbit1, uniq_duvessa
D:7:      layout_gridville, minmay_temple_entry_butterflies,
          minmay_crystal_room, uniq_harold
D:8:      layout_loops_ring, grunt_temple_overflow_bloody_war,
          lightli_ossuary_entry_decrepit_ruins, hellmonk_ghost_happy_afterlife,
          basic_altar, hangedman_feature_mirror, st_stairs_5, uniq_psyche
D:9:      layout_long_grid, evilmike_ruin_ashenzari, david_orc_2,
          hangedman_pestilent_swarm
D:10:     layout_loops_cross, minmay_lair_entry_grove
Temple:   dpeg_chambers_temple
Lair:1:   layout_cave_pods
Lair:2:   layout_cave_shapes, skrybe_swamp_entry_bodies, beast_lair_carwin_11
Lair:3:   beast_lair_carwin_large_2, layout_regular_city,
          nicolae_spider_entry_tight_spaces, minmay_lair_oklob_chamber,
          grunt_megastairs_2, serial_bayou_shore_a
Lair:4:   layout_regular_city, lemuel_fruit_tree
Lair:5:   layout_loops_ring
Lair:6:   evilmike_catoblepas_cave, layout_cave_pods, slime_dummy,
          cheibrodos_lair_lostbears, uniq_nessos, uniq_urug, uniq_josephine
Orc:1:    layout_caves
Orc:2:    pf_orc_diabolical, layout_diamond_mine, gauntlet_entry_generic,
          serial_shops, shop

Skill      XL: |  1  2  3  4  5  6  7  8  9 10 11 12 13 14 |
---------------+-------------------------------------------+-----
Maces & Flails | 3 4 5 6 7 9 12 13 15 | 15.0
Fighting       | 4 7 10 12 14 | 14.2
Armour         | 4 7 10 12 14 | 14.2
Shields        | 4 7 |  7.0
Evocations     | 4 6 |  6.0
Invocations    | 4 |  4.0

Action                   |  1- 3 |  4- 6 |  7- 9 | 10-12 | 13-15 || total
-------------------------+-------+-------+-------+-------+-------++-------
Melee: Flail             |   182 |    77 |       |       |       ||   259
       Spear             |       |    98 |   290 |       |       ||   388
       Mace              |       |       |   128 |     6 |       ||   134
       Dire flail        |       |       |       |   479 |   778 ||  1257
Throw: Throwing net      |       |       |       |     1 |       ||     1
Invok: Divine Shield     |       |       |       |       |     3 ||     3
 Abil: Fly               |       |       |       |       |     1 ||     1
Evoke: Wand              |       |       |     2 |     3 |     1 ||     6
  Use: Potion            |       |     2 |       |       |     4 ||     6
       Scroll            |       |       |     3 |     8 |    20 ||    31
  Eat: Chunk             |     2 |     5 |     8 |    16 |    17 ||    48
       Ration            |       |       |     2 |     1 |       ||     3
Armor: Scale mail        |    86 |    94 |     7 |       |       ||   187
       Plate armour      |       |       |   246 |   325 |   530 ||  1101
Dodge: Dodged            |    59 |    58 |    51 |   111 |   228 ||   507
Block: Shield            |   108 |    86 |   170 |     1 |       ||   365
       Other             |       |       |       |       |    25 ||    25

Table legend:
 A = Non-vault XP
 B = Vault XP
 C = Vault XP percentage of total XP
 D = Non-vault monster count
 E = Vault monster count
 F = Vault count percentage of total count
                 A         B        C        D         E       F
            +---------+---------+-------+---------+---------+-------
      Total |   36749 |   46736 |  56.0 |     316 |     192 |  37.8
            +---------+---------+-------+---------+---------+-------
        D:1 |      33 |       0 |   0.0 |      15 |       0 |   0.0
        D:2 |      22 |       0 |   0.0 |      13 |       0 |   0.0
        D:3 |     174 |      39 |  18.3 |      37 |      12 |  24.5
        D:4 |     268 |     162 |  37.7 |      11 |       1 |   8.3
        D:5 |     462 |       2 |   0.4 |      18 |       1 |   5.3
        D:6 |     656 |     501 |  43.3 |       9 |       3 |  25.0
        D:7 |     388 |     987 |  71.8 |      10 |       1 |   9.1
        D:8 |    1395 |     651 |  31.8 |      24 |       6 |  20.0
        D:9 |    1089 |    1175 |  51.9 |      11 |      12 |  52.2
       D:10 |    2270 |    1944 |  46.1 |      23 |      13 |  36.1
     Lair:1 |    2478 |       0 |   0.0 |       8 |       0 |   0.0
     Lair:2 |    2666 |    1048 |  28.2 |      10 |       5 |  33.3
     Lair:3 |    3365 |    2490 |  42.5 |      14 |      14 |  50.0
     Lair:4 |    5897 |       0 |   0.0 |      20 |       0 |   0.0
     Lair:5 |    4317 |       0 |   0.0 |      15 |       0 |   0.0
     Lair:6 |    7566 |   16219 |  68.2 |      33 |      35 |  51.5
      Orc:1 |    2849 |       0 |   0.0 |      29 |       0 |   0.0
      Orc:2 |     854 |   17203 |  95.3 |      16 |      62 |  79.5
    Ossuary |       0 |     176 | 100.0 |       0 |      16 | 100.0
   Gauntlet |       0 |    4139 | 100.0 |       0 |      11 | 100.0
            +---------+---------+-------+---------+---------+-------
